 Dungeon Crawl Stone Soup version 0.30-a0-691-g754fce4c43 (webtiles) character file.

Game seed: 10127797081584714546

649 Newt the Cudgeller (level 7, 0/54 HPs)
             Began as a Demonspawn Gladiator on Jan 19, 2023.
             Was a Follower of Okawaru.
             Slain by a bullfrog (7 damage)
             ... on level 6 of the Dungeon.
             The game lasted 00:05:52 (4642 turns).

Newt the Cudgeller (Demonspawn Gladiator)           Turns: 4642, Time: 00:05:54

Health: 0/54       AC: -2    Str: 11    XL:     7   Next: 28%
Magic:  0/7        EV: 12    Int: 13    God:    Okawaru [*.....]
Gold:   276        SH:  0    Dex: 16    Spells: 6/6 levels left

rFire   x . .      SeeInvis +    h - +6 whip of Strategic Superiority {vamp, rC+ Str-2 SInv}
rCold   + . .      Faith    .    (no shield)
rNeg    . . .      Spirit   +    b - +0 leather armour
rPois   .          Reflect  .    c - +0 helmet
rElec   .          Harm     .    (no cloak)
rCorr   .          Rampage  .    (no gloves)
Will    .....      Clarity  +    (no boots)
Stlth   ++                       q - amulet of guardian spirit
HPRegen 0.29/turn                (no ring)
MPRegen 0.10/turn                (no ring)

@: corroded
A: yellow scales 1, clarity, clever 1, heat vulnerability 1, MP-powered wands
a: Renounce Religion, Heroism


You were on level 6 of the Dungeon.
You worshipped Okawaru.
Okawaru was aware of your devotion.
You visited 2 branches of the dungeon, and saw 7 of its levels.

You collected 276 gold pieces.

Inventory:

Hand Weapons
 a - a +0 rapier
 h - the +6 whip of Strategic Superiority (weapon) {vamp, rC+ Str-2 SInv}
   (You found it on level 4 of the Dungeon)

   Str:       It affects your strength (-2).
   rC:        It protects you from cold.
   SInv:      It lets you see invisible.
 i - a +0 quick blade
Missiles
 d - a throwing net (quivered)
 e - a javelin
 n - 8 poisoned darts
Armour
 b - a +0 leather armour (worn)
 c - a +0 helmet (worn)
Jewellery
 q - an amulet of guardian spirit (around neck)
Scrolls
 j - 4 scrolls of poison
 m - 2 scrolls of teleportation
 o - a scroll of identify
 p - a scroll of fog
Potions
 f - a potion of might
 g - 2 potions of mutation


   Skills:
 - Level 4.0 Fighting
 - Level 2.9 Short Blades
 + Level 5.5 Maces & Flails
 - Level 1.7 Throwing
 - Level 2.6 Dodging
 - Level 3.0 Stealth


You had 6 spell levels left.
You didn't know any spells.
Your spell library was empty.

Dungeon Overview and Level Annotations

Branches:
Dungeon (6/15)             Temple (1/1) D:4

Altars:
Ashenzari
Cheibriados
Dithmenos
Fedhas
Gozag
Hepliaklqana
Kikubaaqudgha
Makhleb
Nemelex Xobeh
Okawaru
Qazlal
Ru
Trog
Uskayaw
Vehumet
Xom
Yredelemnul

Shops:
D:3 (*   D:5 (:=


Innate Abilities, Weirdness & Mutations

You are partially covered in yellow scales. (AC +2)
You possess an exceptional clarity of mind.
Your mind is acute. (Int +4, Str/Dex -1)
You are vulnerable to heat. (rF-)
You expend magic power (3 MP) to strengthen your wands.


Message History

You whack the bullfrog!
You feel better.
The bullfrog is severely wounded.
The bullfrog hits you but does no damage.
The bullfrog misses you.
You hit the jelly.
Your hands burn!
The jelly is lightly wounded.
The jelly barely misses you. The bullfrog barely misses you.
The bullfrog hits you.
You hit the jelly.
Your hands burn!
The jelly is moderately wounded.
The bullfrog hits you. x2; The jelly hits you.
The acid corrodes you!
You are splashed with acid.
You whack the jelly! The acid corrodes you!
Your hands burn!
The jelly is almost dead.
The bullfrog misses you. The bullfrog closely misses you. The jelly hits you.
You are splashed with acid!
* * * LOW HITPOINT WARNING * * *
The bullfrog misses you. The bullfrog hits you.
* * * LOW HITPOINT WARNING * * *
The bullfrog attacks as you move away! The bullfrog barely misses you.
You feel much better.
The bullfrog hits you. x2; The jelly hits you.
You are splashed with acid!
* * * LOW HITPOINT WARNING * * *
The bullfrog hits you.
* * * LOW HITPOINT WARNING * * *
The bullfrog hits you.
* * * LOW HITPOINT WARNING * * *
You are confused.
You feel invigorated. The bullfrog hits you!
* * * LOW HITPOINT WARNING * * *
The bullfrog closely misses you. The jelly closely misses you.
You feel better.
You feel less invigorated.
The bullfrog releases a deep croak.
The bullfrog hits you.
* * * LOW HITPOINT WARNING * * *
The bullfrog barely misses you. The jelly barely misses you.
The bullfrog hits you.
* * * LOW HITPOINT WARNING * * *
The bullfrog hits you!
You die...

..>.....#. ....
.........
....#.F......
#..... #....##
.....
##....######.
(...##...........#
#..#............
#....FF.<.......
#...J@..........
##..............
##......(.....#
#.##.......###
##.#...###...#
#......###..##
#......#.#...#
#...........##
#...........#


You could see 2 bullfrogs and a jelly.

Vanquished Creatures
  Grinder (D:4)
  An ogre (D:4)
  A phantom (D:4)
  A hound (D:4)
  Ijyb (D:3)
  Robin (D:2)
  10 gnolls
  4 adders
  A shadow imp (D:4)
  2 worms (D:4)
  2 dart slugs
  An orc (D:5)
  4 ball pythons
  2 bats (D:1)
  2 endoplasms (D:1)
  4 giant cockroaches
  8 hobgoblins
  9 kobolds
  4 quokkas
  4 frilled lizards
  15 goblins
  10 rats
88 creatures vanquished.

Notes
Turn   | Place    | Note
-------+----------+-------------------------------------------
     0 | D:1      | Newt the Demonspawn Gladiator began the quest for the Orb.
     0 | D:1      | Reached XP level 1. HP: 16/16 MP: 1/1
    92 | D:1      | Reached skill level 1 in Stealth
   363 | D:1      | Gained mutation: You are partially covered in yellow
                  | scales. (AC +2) [demonic ancestry]
   363 | D:1      | Reached XP level 2. HP: 15/22 MP: 2/2
   451 | D:1      | Found a faded altar of an unknown god.
   863 | D:1      | Reached XP level 3. HP: 24/27 MP: 3/3
  1463 | D:3      | Noticed Robin
  1511 | D:2      | Killed Robin
  1512 | D:2      | Reached XP level 4. HP: 28/34 MP: 4/4
  1534 | D:3      | Found a blossoming altar of Fedhas.
  1547 | D:3      | Gained mutation: Your magical capacity is low. (-10% MP)
                  | [potion of mutation]
  1547 | D:3      | Gained mutation: You are frail. (-10% HP) [potion of
                  | mutation]
  1548 | D:3      | Lost mutation: Your magical capacity is low. (-10% MP)
                  | [potion of mutation]
  1548 | D:3      | Lost mutation: You are frail. (-10% HP) [potion of
                  | mutation]
  1548 | D:3      | Gained mutation: You are vulnerable to heat. (rF-) [potion
                  | of mutation]
  1548 | D:3      | Gained mutation: You possess an exceptional clarity of
                  | mind. [potion of mutation]
  1548 | D:3      | Gained mutation: You expend magic power (3 MP) to
                  | strengthen your wands. [potion of mutation]
  1548 | D:3      | Gained mutation: Your mind is acute. (Int +4, Str/Dex -1)
                  | [potion of mutation]
  1561 | D:3      | Found a sacrificial altar of Ru.
  1567 | D:3      | Found a bloodstained altar of Trog.
  1622 | D:3      | Found Xuen's Weapon Shop.
  1664 | D:3      | Found Zin's Purification Station.
  1799 | D:3      | Noticed Ijyb
  1832 | D:3      | Killed Ijyb
  2131 | D:3      | Reached XP level 5. HP: 24/42 MP: 5/5
  2682 | D:4      | Identified the +6 whip of Strategic Superiority {vamp, rC+
                  | Str-2 SInv}
  2690 | D:4      | Found a staircase to the Ecumenical Temple.
  2714 | D:4      | Reached skill level 1 in Maces & Flails
  2717 | Temple   | Entered the Ecumenical Temple
  2956 | Temple   | Became a worshipper of Warmaster Okawaru
  3064 | D:4      | Noticed a phantom
  3077 | D:4      | Killed a phantom
  3078 | D:4      | Reached skill level 2 in Maces & Flails
  3189 | D:4      | Reached XP level 6. HP: 34/48 MP: 6/6
  3197 | D:4      | Reached skill level 3 in Maces & Flails
  3459 | D:4      | Noticed Grinder
  3468 | D:4      | Reached skill level 4 in Maces & Flails
  3481 | D:4      | Paralysed by Grinder for 4 turns
  3513 | D:4      | Paralysed by Grinder for 3 turns
  3520 | D:4      | Paralysed by Grinder for 5 turns
  3533 | D:4      | Killed Grinder
  3533 | D:4      | Reached * piety under Okawaru
  3534 | D:4      | Reached skill level 5 in Maces & Flails
  3534 | D:4      | Reached XP level 7. HP: 8/54 MP: 7/7
  4048 | D:5      | Entered Level 5 of the Dungeon
  4048 | D:5      | Found Laag's Book Shoppe.
  4049 | D:5      | Found Noxa's Weapon Boutique.
  4050 | D:5      | Found Puschan's Jewellery Shoppe.
  4085 | D:5      | Found a hide-covered altar of Uskayaw.
  4092 | D:5      | Found a sparkling altar of Nemelex Xobeh.
  4485 | D:5      | Found a shadowy altar of Dithmenos.
  4641 | D:6      | HP: 1/54 [bullfrog (6)]
  4642 | D:6      | Slain by a bullfrog

Illustrated notes

Levels and vault maps discovered:
D:1:      dpeg_arrival_radiant, layout_loops_ring, basic_ecumenical_altar,
          minivault_11, minmay_fountain_box
D:2:      layout_rooms
D:3:      layout_basic, grunt_temple_overflow_open, zin_purify, serial_shops,
          shop, minmay_misc_feat_enclosed, uniq_robin, uniq_ijyb
D:4:      layout_basic, minmay_temple_entry_crystal_x, kennysheep_diamond,
          uniq_grinder
D:5:      cheibrodos_quashed, layout_basic, nicolae_overflow_hidden_temple,
          mainiacjoe_overflow_catwalk_spiral, nicolae_wooded_promenade
D:6:      layout_cave_pools, nicolae_wu_jian_wuxing_cycle
Temple:   nicolae_temple_bog_church

Skill      XL: |  1  2  3  4  5  6 |
---------------+-------------------+-----
Stealth        | 1 2 3 |  3.0
Fighting       | 4 |  4.0
Maces & Flails | 2 5 |  5.5
Short Blades   | |  2.9
Throwing       | |  1.7
Dodging        | |  2.6

Action                   |  1- 3 |  4- 6 |  7- 9 || total
-------------------------+-------+-------+-------++-------
Melee: Quick blade       |   175 |   147 |       ||   322
       Rapier            |    10 |       |       ||    10
       Punch             |     3 |       |       ||     3
       Whip              |       |   108 |    33 ||   141
Throw: Javelin           |     1 |     2 |       ||     3
       Throwing net      |       |     5 |       ||     5
       Dart              |       |     5 |     3 ||     8
  Use: Scroll            |     2 |     3 |     3 ||     8
       Potion            |       |     4 |     3 ||     7
 Stab: Sleeping          |     8 |     5 |     1 ||    14
       Held in net/web   |       |     2 |       ||     2
Armor: Leather armour    |    44 |    47 |    11 ||   102
Dodge: Dodged            |    81 |   102 |    27 ||   210

Table legend: (Time is in decaauts)
 A = Elapsed time spent in this place.
 B = Non-inter-level travel time spent in this place.
 C = Inter-level travel time spent in this place.
 D = Time resting spent in this place.
 E = Time spent auto-exploring this place.
 F = Levels seen in this place.
 G = Mean time per level.
                   A        B        C        D        E       F      G
               +--------+--------+--------+--------+--------+-----+--------+
         Total |   4509 |   4329 |    180 |    686 |   2812 |   7 |  644.1 |
       Dungeon |   4242 |   4097 |    145 |    686 |   2594 |   6 |  707.0 |
        Temple |    267 |    232 |     35 |      0 |    218 |   1 |  267.0 |
               +--------+--------+--------+--------+--------+-----+--------+

Top non-repeatable levels by time:
     D:4: 1123 daAuts
     D:3: 1094 daAuts
     D:1: 943 daAuts
     D:5: 546 daAuts
     D:2: 493 daAuts
  Temple: 267 daAuts
     D:6: 42 daAuts
